 Dungeon Crawl Stone Soup version 0.27-a0-1191-g601b473118 (webtiles) character file.

Game seed: 6932473654367538092

317 ahrsahrtis the Skirmisher (level 6, -5/84 HPs)
             Began as a Minotaur Berserker on May 24, 2021.
             Was a Believer of Trog.
             Slain by a killer bee (8 damage)
             ... on level 4 of the Dungeon.
             The game lasted 00:08:05 (2607 turns).

ahrsahrtis the Skirmisher (Minotaur Berserker)      Turns: 2607, Time: 00:08:05

Health: -5/84      AC:  6    Str: 23    XL:     6   Next: 20%
Magic:  5/5        EV:  6    Int:  4    God:    Trog [**....]
Gold:   118        SH: 13    Dex: 10    Spells: 5/5 levels left

rFire    . . .     SeeInvis .   a - +0 falchion
rCold    . . .     Faith    .   e - +0 tower shield
rNeg     . . .     Spirit   .   i - +0 ring mail
rPois    .         Reflect  .   (helmet restricted)
rElec    .         Harm     .   (no cloak)
rCorr    .         Rampage  .   (no gloves)
Will     .....                  (no boots)
Stlth    ..........             (no amulet)
HPRegen  0.24/turn              (no ring)
MPRegen  0.09/turn              (no ring)

@: berserking (expiring), lethally poisoned (-5 -> -14), very quick
A: horns 2, retaliatory headbutt
a: Renounce Religion, Berserk, Trog's Hand


You were on level 4 of the Dungeon.
You worshipped Trog.
Trog was pleased with you.
You visited 1 branch of the dungeon, and saw 4 of its levels.

You collected 118 gold pieces.

Inventory:

Hand Weapons
 a - a +0 falchion (weapon)
 b - a +0 hunting sling
Missiles
 j - 6 sling bullets
 k - 54 stones (quivered)
Armour
 e - a +0 tower shield (worn)
 i - a +0 ring mail (worn)
Scrolls
 g - 2 scrolls of identify {unknown}
 h - a scroll of brand weapon {unknown}
 n - a scroll of amnesia {unknown}
 o - a scroll of noise {unknown}
 r - a scroll of magic mapping {unknown}
Potions
 c - 2 potions of mutation {unknown}
 d - a potion of brilliance {unknown}
 f - 3 potions of degeneration {unknown}
 l - a potion of might {unknown}
 m - 3 potions of curing {unknown}
 p - a potion of lignification {unknown}
 q - a potion of attraction {unknown}
 s - a potion of cancellation {unknown}


   Skills:
 * Level 5.5 Fighting
 * Level 5.4 Long Blades
 * Level 4.6 Armour
 - Level 2.1 Dodging
 + Level 2.3 Shields


You had 5 spell levels left.
You didn't know any spells.
Your spell library was empty.

Dungeon Overview and Level Annotations

Branches:
Dungeon (4/15)
 Temple: D:4-7

Altars:


Innate Abilities, Weirdness & Mutations

You have a pair of horns on your head.
You reflexively headbutt those who attack you in melee.


Message History

You are more poisoned.
The killer bee poisons you!
The killer bee stings you but does no damage. x2
You miss the killer bee. Your headbutt misses the killer bee.
You feel sick. You block the killer bee's attack.
The killer bee barely misses you. You furiously retaliate!
You headbutt the killer bee! The killer bee stings you.
* * * LOW HITPOINT WARNING * * *
You block the killer bee's attack.
You miss the killer bee.
You feel sick. You block the killer bee's attack. The killer bee stings you.
* * * LOW HITPOINT WARNING * * *
The killer bee barely misses you. The killer bee stings you.
* * * LOW HITPOINT WARNING * * *
You are more poisoned.
The killer bee poisons you! The killer bee stings you.
* * * LOW HITPOINT WARNING * * *
The killer bee stings you.
* * * LOW HITPOINT WARNING * * *
The killer bee completely misses you.
You riposte.
You barely miss the killer bee. Your headbutt misses the killer bee.
The killer bee is heavily wounded.
Okay, then.
You are too berserk!
You completely miss the killer bee.
The killer bee is heavily wounded.
* * * LOW HITPOINT WARNING * * *
You feel very sick.
You block the killer bee's attack. x2; The killer bee barely misses you.
You block the killer bee's attack. x2
You miss the killer bee.
The killer bee is heavily wounded.
* * * LOW HITPOINT WARNING * * *
You feel very sick.
You block the killer bee's attack. x2; The killer bee barely misses you.
You furiously retaliate!
You headbutt the killer bee. The killer bee stings you.
* * * LOW HITPOINT WARNING * * *
You block the killer bee's attack. The killer bee stings you!
You die...

..............
..............#..$......
..............#.........
..............#.........
.............##.........
.........######.........
.........#### #.........
............###yy.......
...............y@.......
...................[....
..#####.................
..# #.................
.... #.....###.........
..... #(..... ..........
......####............>.
...... #..............
............


You could see 3 killer bees.

Vanquished Creatures
  A black bear (D:3)
  An ice beast (D:3)
  A killer bee (D:4)
  3 adders
  An ufetubus (D:4)
  A worm (D:2)
  2 dart slugs (D:3)
  An orc (D:3)
  5 ball pythons
  5 endoplasms
  2 giant cockroaches
  6 goblins
  3 hobgoblins
  10 jackals
  A quokka (D:2)
  A bat (D:3)
  4 frilled lizards
  4 kobolds
  A rat (D:1)
53 creatures vanquished.

Notes
Turn   | Place    | Note
-------+----------+-------------------------------------------
     0 | D:1      | ahrsahrtis the Minotaur Berserker began the quest for the
                  | Orb.
     0 | D:1      | Reached XP level 1. HP: 19/19 MP: 0/0
   334 | D:1      | Reached XP level 2. HP: 27/27 MP: 1/1
   355 | D:1      | Found a faded altar of an unknown god.
  1382 | D:2      | Reached XP level 3. HP: 28/33 MP: 2/2
  1573 | D:2      | Reached skill level 1 in Shields
  1573 | D:2      | Reached ** piety under Trog
  2040 | D:3      | Noticed a black bear
  2050 | D:3      | Killed a black bear
  2051 | D:3      | Reached XP level 4. HP: 33/41 MP: 3/3
  2051 | D:3      | Reached XP level 5. HP: 38/47 MP: 4/4
  2200 | D:3      | Noticed an ice beast
  2208 | D:3      | Killed an ice beast
  2209 | D:3      | Reached skill level 5 in Fighting
  2209 | D:3      | Reached skill level 5 in Long Blades
  2517 | D:4      | Reached XP level 6. HP: 53/56 MP: 5/5
  2607 | D:4      | HP: 4/84 [poisoned by a killer bee]
  2607 | D:4      | Slain by a killer bee

Illustrated notes

Levels and vault maps discovered:
D:1:      dpeg_arrival_orchard, layout_basic, basic_ecumenical_altar
D:2:      layout_loops_ring
D:3:      layout_rooms
D:4:      layout_basic, lemuel_crystal_altar, serial_shops, shop

Skill      XL: |  1  2  3  4  5 |
---------------+----------------+-----
Fighting       | 4 5 |  5.5
Long Blades    | 4 5 |  5.4
Armour         | 3 4 |  4.6
Shields        | 1 2 |  2.3
Dodging        | |  2.1

Action                   |  1- 3 |  4- 6 || total
-------------------------+-------+-------++-------
Melee: Falchion          |   102 |    46 ||   148
       Headbutt          |    14 |     9 ||    23
Invok: Berserk           |     2 |     2 ||     4
Armor: Leather armour    |     2 |       ||     2
       Ring mail         |    29 |    15 ||    44
Dodge: Dodged            |    34 |    16 ||    50
Block: Tower shield      |    84 |    63 ||   147
       Rpst.: Falchion   |     7 |     3 ||    10

Table legend: (Time is in decaauts)
 A = Elapsed time spent in this place.
 B = Non-inter-level travel time spent in this place.
 C = Inter-level travel time spent in this place.
 D = Time resting spent in this place.
 E = Time spent auto-exploring this place.
 F = Levels seen in this place.
 G = Mean time per level.
                   A        B        C        D        E       F      G
               +--------+--------+--------+--------+--------+-----+--------+
         Total |   2709 |   2502 |    207 |      1 |   2031 |   4 |  677.2 |
       Dungeon |   2709 |   2502 |    207 |      1 |   2031 |   4 |  677.2 |
               +--------+--------+--------+--------+--------+-----+--------+

Top non-repeatable levels by time:
     D:2: 966 daAuts
     D:1: 869 daAuts
     D:3: 752 daAuts
     D:4: 121 daAuts
